 Dungeon Crawl Stone Soup version 0.29.1-13-g9f3cf754e1 (webtiles) character file.

Game seed: 8936435430863104477

54 ChrisAssaf the Sneak (level 4, -4/31 HPs)
             Began as a Djinni Enchanter on Jan 27, 2023.
             Was an Initiate of Gozag.
             Frozen to death by an endoplasm (7 damage)
             ... on level 2 of the Dungeon.
             The game lasted 00:05:18 (1523 turns).

ChrisAssaf the Sneak (Djinni Enchanter)             Turns: 1523, Time: 00:05:19

Health: -4/31      AC:  3    Str: 15    XL:     4   Next: 12%
Gold:   95         EV: 12    Int: 17    God:    Gozag SH:  0 Dex: 13

rFire   + + .      SeeInvis .   a - +1 dagger
rCold   x . .      Faith    .   (no shield)
rNeg    . . .      Spirit   .   b - +1 robe
rPois   ∞          Reflect  .   (no helmet)
rElec   .          Harm     .   (no cloak)
rCorr   .          Rampage  .   (no gloves)
Will    .....                   (boots unavailable)
Stlth   ++........              (no amulet)
HPRegen 0.10/turn               g - +6 ring of strength
MPRegen 0.00/turn               (no ring)

@: flying
A: sickness immunity, fire resistance 2, cold vulnerability 1, float, innate
caster, HP casting, extra vitality 1
a: Renounce Religion, Potion Petition, Call Merchant, Bribe Branch


You were on level 2 of the Dungeon.
You worshipped Gozag.
Gozag was noncommittal.
You visited 1 branch of the dungeon, and saw 2 of its levels.

You collected 95 gold pieces.

Inventory:

Hand Weapons
 a - a +1 dagger (weapon)
Armour
 b - a +1 robe (worn)
Jewellery
 g - a +6 ring of strength (left hand)
Scrolls
 f - 2 scrolls of noise
 h - a scroll of teleportation
Potions
 c - a potion of invisibility


   Skills:
 * Level 0.7 Fighting
 * Level 1.4 Short Blades
 * Level 0.6 Armour
 * Level 2.6 Dodging
 * Level 2.9 Stealth
 * Level 2.8 Spellcasting


You couldn't memorise any spells.
You knew the following spells:

 Your Spells              Type           Power      Damage    Failure   Level
a - Ensorcelled Hibernat  Hex/Ice        24%        N/A       9%          2
b - Confusing Touch       Hex            12%        N/A       17%         3
c - Tukima's Dance        Hex            12%        N/A       17%         3
d - Dazzling Flash        Conj/Hex       24%        N/A       17%         3
e - Sandblast             Erth           24%        2d8       5%          1
Your spell library was empty.

Dungeon Overview and Level Annotations

Branches:
Dungeon (2/15)

Altars:
Dithmenos
Gozag


Innate Abilities, Weirdness & Mutations

You are immune to sickness and miasma.
You are immune to poison.
Your flesh is very heat resistant. (rF++)
You are vulnerable to cold. (rC-)
You float through the air rather than walking.
You learn spells naturally, not from books.
Your magical power is your life essence.
You have superior vitality. (+4 MHP)


Message History

The helpless bat fails to defend itself.
You puncture the bat!
You kill the bat!
You now have 75 gold pieces (gained 4).
You now have 90 gold pieces (gained 15).
You see here a +0 club.
You start resting.
A giant cockroach is nearby!
A giant cockroach is nearby!
You see here a +0 club.
You see here 5 gold pieces.
You now have 95 gold pieces (gained 5).
Aiming: Ensorcelled Hibernation (safe; 9% risk of failure)
Press: ? - help, Q - select action, (/) - cycle Shift-Dir - straight line, f - endoplasm
Aim: an endoplasm (chance to affect: 63%)
The endoplasm resists with significant effort.
The endoplasm barely misses you.
Aiming: Ensorcelled Hibernation (safe; 9% risk of failure)
Press: ? - help, Q - select action, (/) - cycle Shift-Dir - straight line, f/p - endoplasm
Aim: an endoplasm (chance to affect: 63%)
The endoplasm resists with significant effort.
The endoplasm hits you but does no damage.
Aiming: Ensorcelled Hibernation (safe; 9% risk of failure)
Press: ? - help, Q - select action, (/) - cycle Shift-Dir - straight line, f/p - endoplasm
Aim: an endoplasm (chance to affect: 63%)
The endoplasm resists with significant effort.
The endoplasm hits you.
Aiming: Ensorcelled Hibernation (safe; 9% risk of failure)
Press: ? - help, Q - select action, (/) - cycle Shift-Dir - straight line, f/p - endoplasm
Aim: an endoplasm (chance to affect: 63%)
The endoplasm resists with significant effort.
* * * LOW HITPOINT WARNING * * *
The endoplasm freezes you.
You are frozen.
You feel a terrible chill!
* * * LOW HITPOINT WARNING * * *
You hit the endoplasm but do no damage. The endoplasm freezes you.
You are frozen!
You feel a terrible chill!
You die...
Your body crumbles into a pile of gold.

#..######.# #
#)##...##.# ..
.##.##...##.#
####
........##...##.#
#...
.J...##..#......#
#...
.#.#.#.#.#.#.#..#
#...
.<...........#..#
##...
#.#.#.#J#B###..#
...>.
.......@...##..#
.#...
#.#.#.#.#.####.#
..... # #..#.##
#.....##... ##.
.# ##....##... ##
.# ###....##...
#.. .... ..#####
.. ...#.## ...
#.#..# ..#
#....####


You could see an endoplasm and a giant cockroach.

Vanquished Creatures
  2 adders (D:2)
  A worm (D:2)
  3 dart slugs
  An endoplasm (D:2)
  2 giant cockroaches (D:2)
  3 hobgoblins (D:2)
  4 jackals (D:2)
  A ball python (D:2)
  3 bats
  3 frilled lizards
  3 goblins (D:2)
  2 kobolds (D:2)
28 creatures vanquished.

Notes
Turn   | Place    | Note
-------+----------+-------------------------------------------
     0 | D:1      | ChrisAssaf the Djinni Enchanter began the quest for the
                  | Orb.
     0 | D:1      | ChrisAssaf set off with the following spells memorised:
                  | Ensorcelled Hibernation, Confusing Touch, Tukima's Dance,
                  | Dazzling Flash.
     0 | D:1      | Reached XP level 1. HP: 15/15 MP: 0/0
   138 | D:1      | Reached XP level 2. HP: 8/21 MP: 0/0
   420 | D:2      | Reached skill level 1 in Short Blades
   560 | D:2      | Reached XP level 3. HP: 7/25 MP: 0/0
   560 | D:2      | Learned a level 1 spell: Sandblast
   964 | D:2      | Found a faded altar of an unknown god.
   992 | D:2      | Prayed at the altar of an unknown god.
   992 | D:2      | Became a worshipper of Gozag Ym Sagoz the Greedy
  1393 | D:2      | Found a shadowy altar of Dithmenos.
  1450 | D:2      | Reached XP level 4. HP: 16/31 MP: 0/0
  1523 | D:2      | Frozen to death by an endoplasm

Illustrated notes

Levels and vault maps discovered:
D:1:      minmay_arrival_shoal_huts, layout_loops_corners,
          minmay_rat_gold_closets
D:2:      layout_rooms, basic_altar, basic_ecumenical_altar,
          grunt_decor_fettered, st_stairs_13

Skill      XL: |  1  2 |
---------------+-------+-----
Short Blades   | 1 |  1.4
Fighting       | |  0.7
Armour         | |  0.6
Dodging        | |  2.6
Stealth        | |  2.9
Spellcasting   | |  2.8

Action                   |  1- 3 |  4- 6 || total
-------------------------+-------+-------++-------
Melee: Dagger            |    60 |     8 ||    68
 Cast: Ensorcelled Hiber |    20 |    12 ||    32
       Confusing Touch   |     1 |       ||     1
  Use: Potion            |     3 |     1 ||     4
       Scroll            |     5 |       ||     5
 Stab: Sleeping          |    17 |     2 ||    19
       Invisible         |     1 |       ||     1
Armor: Robe              |    14 |     5 ||    19
Dodge: Dodged            |    48 |    17 ||    65
